Cogmind - Beta 13 @@@ ROGUE MODE // 2024.06.28 @ 14:51:11 Player: Spoodle Result: Destroyed by DAS Turret with DAS Cannon Performance ------------- Evolutions (1) 500 Regions Visited (5) 1000 Robots Destroyed (64) 320 Value Destroyed (1561) 1561 Prototype IDs (5) 100 Alien Tech Used (0) 0 Bonus (112) 112 TOTAL SCORE: 3593 Bonus ------- High Alert Combat Kills 112 Cogmind --------- Core Integrity 0/400 Matter 222/300 Energy 85/100 System Corruption 2% Temperature Cool (7) Movement Core (200) Ox3 Location -9/Exiles Parts ------- > --- POWER (1) -------- (None) > --- PROPULSION (3) --- (None) > --- UTILITY (3) ------ Medium Storage Unit > --- WEAPON (2) ------- (None) > --- INVENTORY (10) --- Improved Ion Engine Wheel Wheel Transport Network Coupler Hardened Light Armor Plating High-powered Tractor Beam Enhanced Autogun Enhanced Autogun Peak State ------------ > --- POWER ------------ Reinforced Ion Engine > --- PROPULSION ------- Light Treads Light Treads Light Treads > --- UTILITY ---------- Improved Heat Sink Medium Storage Unit Sensor Array > --- WEAPON ----------- Heavy Assault Cannon > --- INVENTORY -------- Improved Ion Engine Wheel Wheel Transport Network Coupler Hardened Light Armor Plating Enhanced Autogun Enhanced Autogun Enhanced Autogun Mini Grenade Launcher [Rating: 18] Favorites ----------- Power Ion Engine Engine Ion Engine Propulsion Light Treads Treads Light Treads Leg Aluminum Leg Wheel Wheel Utility Sensor Array Device Sensor Array Storage Medium Storage Unit Protection Light Armor Plating Weapon Assault Rifle Energy Gun Medium Laser Energy Cannon Beam Cannon Ballistic Gun Assault Rifle Ballistic Cannon Heavy Assault Cannon Launcher Grenade Launcher Build | -11 -10 -10 -9 -9 -9 ------- Run | Yrd Mat Min Mat Min Exi Slots Evolved 2 | . . . 2 . . Power . | . . . . . . Propulsion 1 | . . . 1 . . Utility 1 | . . . 1 . . Weapon . | . . . . . . Parts Attached 69 | 7 15 8 34 . 5 Power 6 | 1 . 1 4 . . Engine 6 | 1 . 1 4 . . Core . | . . . . . . Reactor . | . . . . . . Propulsion 30 | 2 7 6 13 . 2 Treads 19 | 2 2 4 9 . 2 Leg 1 | . . . 1 . . Wheel 10 | . 5 2 3 . . Hover . | . . . . . . Flight . | . . . . . . Utility 7 | 2 3 . 2 . . Device 4 | 1 2 . 1 . . Storage 2 | 1 1 . . . . Processor . | . . . . . . Hackware . | . . . . . . Protection 1 | . . . 1 . . Artifact . | . . . . . . Weapon 26 | 2 5 1 15 . 3 Energy Gun 6 | 1 2 . 3 . . Energy Cannon 4 | . 1 . 3 . . Ballistic Gun 9 | 1 1 . 5 . 2 Ballistic Cannon 2 | . . . 2 . . Launcher 5 | . 1 1 2 . 1 Special Weapon . | . . . . . . Impact Weapon . | . . . . . . Slashing Weapon . | . . . . . . Piercing Weapon . | . . . . . . Special Melee Weapon . | . . . . . . Unidentified Prototypes 2 | . . . 2 . . Parts Lost 10 | . . 1 2 . 7 Power 2 | . . 1 . . 1 Propulsion 4 | . . . 2 . 2 Utility 2 | . . . . . 2 Weapon 2 | . . . . . 2 Highest Loss Streak 7 | . . 1 1 . 7 To Critical Strikes . | . . . . . . Average Slot Usage (%) 93 | . 99 90 90 88 86 Engine 11 | . 14 5 11 11 11 Treads 26 | . 25 3 31 11 12 Wheel 4 | . 2 24 . 22 20 Device 15 | . 14 14 17 11 10 Storage 12 | . 14 14 11 11 11 Protection 2 | . . . 3 11 10 Energy Gun 4 | . 6 4 3 . . Energy Cannon 4 | . 7 . 3 . . Ballistic Gun 6 | . 14 14 1 . . Ballistic Cannon 4 | . . . 6 11 11 Naked Turns . | . . . . . . Heaviest Build 34 | 14 21 21 34 33 33 Greatest Support 63 | 40 40 40 63 20 63 Greatest Overweight (x) 2 | . 1 1 2 1 1 Average Overweight (x) . | . . . . 1 . Largest Inventory Capacity 10 | 8 10 10 10 10 10 Average Capacity 9 | 7 9 10 10 10 10 Most Carried 10 | 5 9 9 10 10 10 Average Carried 8 | 3 7 8 9 10 9 Final Capacity 10 | 8 10 10 10 10 10 Final Carried 10 | 5 9 8 10 10 8 Class Distribution -------------------- 51% | Mutant 48% | Scavenger-Mutant Dominant Class ---------------- Mutant | -10/Materials Mutant | -10/Mines Scavenger-Mutant | -9/Materials Scavenger-Mutant | -9/Mines Scavenger-Mutant | -9/Exiles Resources | -11 -10 -10 -9 -9 -9 ----------- Run | Yrd Mat Min Mat Min Exi Matter Collected 1827 | 322 326 107 1033 . 39 Remotely . | . . . . . . Salvage Created 2081 | 114 441 98 1391 . 37 Parts 146 | 4 29 6 94 . 13 Haulers Intercepted 6 | . 2 . 4 . . Recyclers Shooed 1 | . . . 1 . . Parts Field Recycled . | . . . . . . Retrieved Matter . | . . . . . . Parts Self-Destructed . | . . . . . . Prevented . | . . . . . . Kills | -11 -10 -10 -9 -9 -9 ------- Run | Yrd Mat Min Mat Min Exi Combat Hostiles Destroyed 50 | . 8 8 31 . 3 Guns 16 | . 4 2 10 . . Cannons 19 | . 2 . 17 . . AOE 14 | . 2 6 4 . 2 Classes Destroyed 14 | 3 4 1 6 . . Worker 3 | 1 2 . . . . Builder 2 | . . . 2 . . Tunneler 2 | 1 1 . . . . Hauler 6 | . 2 . 4 . . Recycler 1 | 1 . . . . . Mechanic 1 | . . . 1 . . Operator 2 | . . . 2 . . Watcher 5 | . 1 . 4 . . Swarmer 8 | . 3 . 5 . . Grunt 23 | . 5 2 16 . . Brawler 1 | . . . 1 . . Duelist 1 | . . . 1 . . Sentry 8 | . . . 8 . . Assembled 9 | . . 6 . . 3 Best Kill Streak 7 | 2 4 6 7 . 4 Combat Bots Only 6 | . 3 6 5 . 3 Max Kills in Single Turn 3 | 1 3 3 2 . 3 Gunslinging . | . . . . . . Exploded 3 | . 2 3 2 . 2 Melee . | . . . . . . Uniques/NPCs Destroyed 1 | . . . . . 1 EX-BIN (-9/Exiles) Combat | -11 -10 -10 -9 -9 -9 -------- Run | Yrd Mat Min Mat Min Exi Hostile Shots Fired 219 | . 37 23 112 . 47 Missed 63 | . 11 4 37 . 11 Damage Taken 2648 | . 317 288 997 . 1046 Core 564 | . 58 88 73 . 345 Absorbed by Shields . | . . . . . . Core Remaining (%) 70 | 100 . 41 . . . Volleys Fired 182 | 5 41 24 103 . 9 Largest 2 | 2 2 2 2 . 2 Hottest 116 | 70 80 70 116 . 60 Shots Fired 283 | 10 82 32 150 . 9 Gun 145 | 10 55 16 63 . 1 Cannon 115 | . 26 . 83 . 6 Launcher 23 | . 1 16 4 . 2 Special . | . . . . . . Kinetic 144 | 5 41 8 83 . 7 Thermal 116 | 5 40 8 63 . . Explosive 23 | . 1 16 4 . 2 Electromagnetic . | . . . . . . Robot Hit Streak 13 | 8 13 7 13 . 2 Robot Miss Streak 3 | . 3 1 3 . 3 Penetration Max 1 | . . . 1 . . Secondary Targets 1 | . . 1 . . . Max Gunslinging Chain 1 | . . 1 . . . Shots Hit Robots 183 | 8 55 15 102 . 3 Core Hits 96 | 5 20 14 48 . 9 Critical Kills . | . . . . . . Critical Parts Destroyed 1 | . . . 1 . . Critical Strikes 7 | 1 . 1 5 . . Burn 3 | 1 . 1 1 . . Destroy 1 | . . . 1 . . Blast 3 | . . . 3 . . Melee Attacks . | . . . . . . Impact . | . . . . . . Slashing . | . . . . . . Piercing . | . . . . . . Sneak Attacks . | . . . . . . Combat Hostiles . | . . . . . . Follow-up Attacks . | . . . . . . Damage Inflicted 5384 | 89 950 468 3591 . 286 Guns 1466 | 89 464 164 730 . 19 Cannons 2868 | . 349 . 2427 . 92 Explosions 1040 | . 132 299 434 . 175 Melee . | . . . . . . Ramming 10 | . 5 5 . . . Kinetic 3010 | 27 349 100 2423 . 111 Thermal 1324 | 62 464 64 734 . . Explosive 1040 | . 132 299 434 . 175 Electromagnetic . | . . . . . . Impact . | . . . . . . Slashing . | . . . . . . Piercing . | . . . . . . Highest Corruption 2 | . . . . . 2 Average Corruption 1 | . . . . . 1 Corruption Purged . | . . . . . . Corruption Blocked . | . . . . . . Effects 1 | . . . . . 1 Weapon Failures 1 | . . . . . 1 Overload Shots . | . . . . . . Overflow Damage 305 | . . 9 287 . 9 Projectiles 277 | . . . 277 . . Explosions 28 | . . 9 10 . 9 Melee . | . . . . . . Knockbacks 12 | . . . 11 . 1 Impact . | . . . . . . Kinetic 12 | . . . 11 . 1 Secondary . | . . . . . . Self-Inflicted Damage 57 | . 10 27 . . 20 Shots 3 | . 1 1 . . 1 Rammed 3 | . 2 1 . . . Targets Rammed 3 | . 2 1 . . . Kicked . | . . . . . . Crushed . | . . . . . . Highest Temperature 328 | 50 195 177 328 . 70 Average Temperature 64 | 23 57 92 71 . 37 Received Heat Transfer 826 | . 189 134 423 . 80 Effects 2 | . . . 2 . . Energy Bleed 1 | . . . 1 . . Damage (minor) 1 | . . . 1 . . Siege Activations . | . . . . . . Robots Corrupted . | . . . . . . Combat Hostiles . | . . . . . . Parts Fried . | . . . . . . Impact Corruptions . | . . . . . . Robots Melted . | . . . . . . Combat Hostiles . | . . . . . . Parts Melted 6 | 2 1 . 3 . . Heat Transferred 3330 | 259 1073 259 1739 . . Parts Sabotaged . | . . . . . . Parts Stolen . | . . . . . . Parts Stripped . | . . . . . . Power Chain Reactions . | . . . . . . Alert | -11 -10 -10 -9 -9 -9 ------- Run | Yrd Mat Min Mat Min Exi Peak Influence 591 | 15 217 98 591 111 . Initial 111 | . 9 5 37 111 . Average 207 | 3 49 73 344 111 . Maximum Alert Level 2 | . 1 . 2 . . Low Security (%) 51 | 100 91 100 13 100 . Level 1 29 | . 8 . 50 . . Level 2 19 | . . . 36 . . Level 3 . | . . . . . . Level 4 . | . . . . . . Level 5 . | . . . . . . High Security . | . . . . . . Max Security . | . . . . . . Squads Dispatched 7 | . 1 . 6 . . Investigation 2 | . . . 2 . . Extermination . | . . . . . . Reinforcement 4 | . 1 . 3 . . Assault 1 | . . . 1 . . Garrison . | . . . . . . Intercept . | . . . . . . Searches Triggered . | . . . . . . Construction Impeded 1 | . . . 1 . . Haulers Reinforced . | . . . . . . Active Scanning Responses . | . . . . . . Cargo Convoy Interrupts . | . . . . . . Stealth | -11 -10 -10 -9 -9 -9 --------- Run | Yrd Mat Min Mat Min Exi Distress Signals 6 | . 1 . 5 . . Communications Jammed . | . . . . . . Distress Signals . | . . . . . . Times Spotted 104 | . 17 8 61 . 18 Peak Tracking Total 12 | . 6 6 6 . 12 Tactical Retreats 12 | . . . 10 . 2 Traps | -11 -10 -10 -9 -9 -9 ------- Run | Yrd Mat Min Mat Min Exi Traps Triggered 2 | . 1 . 1 . . Indirectly . | . . . . . . Trap Hack Attempts . | . . . . . . Triggered . | . . . . . . Disarmed . | . . . . . . Reprogrammed . | . . . . . . Reused . | . . . . . . Traps Extracted . | . . . . . . Installed . | . . . . . . Triggered . | . . . . . . Machines | -11 -10 -10 -9 -9 -9 ---------- Run | Yrd Mat Min Mat Min Exi Machines Disabled 6 | . . . 2 . 4 Max in Single Turn 2 | . . . 1 . 2 Machines Repaired . | . . . . . . Machines Dismantled . | . . . . . . Machines Sabotaged . | . . . . . . Overloaded Fab Kills . | . . . . . . Hacking | -11 -10 -10 -9 -9 -9 --------- Run | Yrd Mat Min Mat Min Exi Machines Accessed 15 | . 8 . 7 . . Terminals 13 | . 7 . 6 . . Fabricators . | . . . . . . Repair Stations . | . . . . . . Recycling Units 2 | . 1 . 1 . . Scanalyzers . | . . . . . . Garrison Access . | . . . . . . Total Hacks 43 | . 22 . 21 . . Successful 27 | . 13 . 14 . . Failed 16 | . 9 . 7 . . Catastrophic 1 | . . . 1 . . Database Lockouts . | . . . . . . Manual 27 | . 15 . 12 . . Terminals 40 | . 21 . 19 . . Fabricators . | . . . . . . Repair Stations . | . . . . . . Recycling Units 3 | . 1 . 2 . . Scanalyzers . | . . . . . . Garrison Access . | . . . . . . Terminal Hacks 17 | . 7 . 10 . . Robot Analysis 2 | . 2 . . . . Prototype ID Bank 2 | . 1 . 1 . . Branch Access Points 1 | . . . 1 . . Alert Level 6 | . 2 . 4 . . Unreport Threat 3 | . . . 3 . . Locate Traps 3 | . 2 . 1 . . Fabricator Hacks . | . . . . . . Repair Station Hacks . | . . . . . . Recycling Unit Hacks . | . . . . . . Scanalyzer . | . . . . . . Garrison Access Hacks . | . . . . . . Unauthorized Hacks 10 | . 6 . 4 . . Terminals 8 | . 5 . 3 . . Botnet 8 | . 5 . 3 . . Fabricators . | . . . . . . Repair Stations . | . . . . . . Recycling Units 2 | . 1 . 1 . . Mask 2 | . 1 . 1 . . Scanalyzers . | . . . . . . Garrison Access . | . . . . . . Data Cores Recovered . | . . . . . . Used . | . . . . . . Hacking Detections 6 | . 2 . 4 . . Full Trace Events 2 | . 1 . 1 . . Feedback Events . | . . . . . . Feedback Blocked . | . . . . . . Robot Schematics Acquired . | . . . . . . Robots Built . | . . . . . . Authchips . | . . . . . . Time . | . . . . . . Total Robot Build Rating . | . . . . . . Part Schematics Acquired . | . . . . . . Parts Built . | . . . . . . Authchips . | . . . . . . Time . | . . . . . . Total Part Build Rating . | . . . . . . Parts Repaired . | . . . . . . Time . | . . . . . . Parts Recycled . | . . . . . . Recycled Matter . | . . . . . . Retrieved Matter . | . . . . . . Retrieved Components . | . . . . . . Parts Scanalyzed . | . . . . . . Part Schematics Acquired . | . . . . . . Parts Damaged . | . . . . . . Bothacking | -11 -10 -10 -9 -9 -9 ------------ Run | Yrd Mat Min Mat Min Exi Used RIF Installer . | . . . . . . Robots Hacked . | . . . . . . Non-combat . | . . . . . . Combat . | . . . . . . Robot Hacks Applied . | . . . . . . Relay Couplers Released . | . . . . . . Fabnet Peak Effective % . | . . . . . . Robots Rewired . | . . . . . . Allies Hacked . | . . . . . . Hacks Repelled . | . . . . . . Allies | -11 -10 -10 -9 -9 -9 -------- Run | Yrd Mat Min Mat Min Exi Total Allies . | . . . . . . Largest Group . | . . . . . . Highest-Rated Group . | . . . . . . Highest-Rated Ally . | . . . . . . Total Orders . | . . . . . . Ally Attacks . | . . . . . . Total Damage . | . . . . . . Kills . | . . . . . . Allies Corrupted . | . . . . . . Allies Melted . | . . . . . . Intel | -11 -10 -10 -9 -9 -9 ------- Run | Yrd Mat Min Mat Min Exi Robot Analysis Total 2 | . 2 . . . . Derelict Logs Recovered 1 | . . . . 1 . Drone Launches . | . . . . . . Drone Recoveries . | . . . . . . Exploration | -11 -10 -10 -9 -9 -9 ------------- Run | Yrd Mat Min Mat Min Exi Turns Passed 4147 | 156 1376 236 2056 39 284 Spaces Moved 2381 | 78 760 203 1029 42 269 Core 3 | 3 . . . . . Treads 1754 | 75 697 1 980 . 1 Legs . | . . . . . . Wheels 624 | . 63 202 49 42 268 Hover . | . . . . . . Flight . | . . . . . . Fastest Speed 50 | 50 80 80 95 95 95 Average Speed 141 | 155 154 80 157 95 95 Slowest Speed 240 | 160 160 160 240 95 160 Overloaded Moves . | . . . . . . Propulsion Burnouts . | . . . . . . Robots Hopped . | . . . . . . Cave-ins Triggered . | . . . . . . Exploration Rate (%) 51 | 5 97 48 82 12 66 Regions Visited 5 Branch Regions 3 Pre-discovered Areas 1 | . . . . 1 . Known Exits Taken 1 | . . . 1 . . Unknown Exits Taken 4 | 1 1 1 . 1 . Scrap Searched 1 | . . 1 . . . Spaces Dug 17 | . . 15 2 . . Terrain Destroyed 138 | . 9 84 40 . 5 Melee . | . . . . . . Projectile 22 | . . . 21 . 1 AOE 116 | . 9 84 19 . 4 Terrain Rammed . | . . . . . . Walls Destroyed . | . . . . . . Machines Disabled . | . . . . . . Actions | -11 -10 -10 -9 -9 -9 --------- Run | Yrd Mat Min Mat Min Exi Total 2844 | 100 877 240 1301 41 285 Wait 148 | 6 41 5 94 . 2 Move 2376 | 77 759 202 1028 41 269 Hop . | . . . . . . Pick Up 28 | 5 7 . 16 . . Fast Attach 23 | 7 5 . 11 . . Attach 7 | . . 1 4 . 2 Detach 2 | . 1 . 1 . . Swap 39 | . 10 7 19 . 3 Drop 36 | . 11 . 25 . . Fire 182 | 5 41 24 103 . 9 Melee . | . . . . . . Ram 1 | . . 1 . . . Kick . | . . . . . . Crush 2 | . 2 . . . . Escape Stasis . | . . . . . . Rewire . | . . . . . . Trap . | . . . . . . Miscellaneous . | . . . . . . Route ------- -11/Scrapyard -10/Materials (discovered 4 exits: *Mat x3 / [*Min]) -10/Mines -9/Materials (discovered 3 exits: [*Mat x2] / *Min) -9/Mines -9/Exiles History --------- Turn | Location | Event 8 | -11/Scrapyard | Discovered new exit (range 15) 157 | -11/Scrapyard | Entered Materials 312 | -10/Materials | Build established: Mutant 450 | -10/Materials | Discovered new exit (range 16) 651 | -10/Materials | Discovered new exit (range 12) 725 | -10/Materials | Discovered new exit (range 16) 1085 | -10/Materials | Discovered new exit (range 16) 1533 | -10/Materials | Entered Mines 1586 | -10/Mines | Assembled infested the area 1625 | -10/Mines | Core integrity fell below 50% 1723 | -10/Mines | Discovered new exit (range 11) 1769 | -10/Mines | Entered Materials 1769 | -9/Materials | Evolved 2 slots: Propulsion x1, Utility x1 2320 | -9/Materials | Build established: Scavenger-Mutant 2446 | -9/Materials | Discovered new exit (range 16) 2569 | -9/Materials | First assault squad dispatched 3052 | -9/Materials | Discovered new exit (range 16) 3414 | -9/Materials | Discovered new exit (range 10) 3488 | -9/Materials | Identified exit to Mines 3825 | -9/Materials | Entered Mines 3836 | -9/Mines | Learned location of Zion (-6) 3860 | -9/Mines | Deemed a non-threat by the Exiles lab entrance 3861 | -9/Mines | Discovered new exit (range 5) 3864 | -9/Mines | Entered Exiles 3887 | -9/Exiles | Met 8R-AWN 3903 | -9/Exiles | Met EX-HEX 3929 | -9/Exiles | Met EX-BIN 3941 | -9/Exiles | Met EX-DEC 4077 | -9/Exiles | Visited The Gauntlet 4127 | -9/Exiles | Attacked by the Exiles 4141 | -9/Exiles | Core integrity fell below 50% 4146 | -9/Exiles | Destroyed EX-BIN 4147 | -9/Exiles | Core integrity fell below 20% 4148 | -9/Exiles | Destroyed by DAS Turret with DAS Cannon Last Messages --------------- 04138_ EX-BIN: "I just want to science!" 04138_ Lgt. Treads destroyed. 04140_ Hvy. Assault Cannon destroyed. 04140_ Imp. Treads blasted off. 04140_ Knocked back. 04143_ Acquired 9 matter. 04143_ System corrupted: Enh. Autogun jammed. 04144_ Imp. Ion Engine destroyed. 04144_ Knocked back. 04144_ as-42968 system corrupted by crushing effect. 04145_ as-42968 system terminally corrupted. 04146_ Enh. Autogun severed. 04146_ EX-BIN: "You can't kill me, my evil twin will get revenge!" 04146_ EX-BIN destroyed. 04146_ Destroyed Asb. F-torch. 04146_ as-73571 destroyed. 04146_ as-17634 destroyed. 04146_ Knocked back. 04148_ Machine disabled. 04148_ Mni. Grenade Launcher destroyed. Map ----- +----------------------------------------------------+ | ??## ""#???????????#######???????#" " | | ###" ""#??????????? """#????????" " | | ##" ""???????????#"" """#????????# " | | #"" #????????????#"" #????????# " | | #????????????#"" #????????#" "X" ? | | ##???????????#"" "#????????#" """ ? | | "#???????????# ""#????????#" """""?? | | ###?????????#"" ""????????##" ######?? | | ##??????????# #????????##"" #??????? | | "###"" ######???### ###?######"" #??????? | | "#?##" """#####X# #"###""""""" ##?????? | | ##??#" """""" " "" ##???## | | #???#"# "" """ " #####" | | ????#### " " " | | ???????### | | ?????????### | | ???????????## | | ????????????## | | ?????????????##" | | ??????????????#""" """""" | | ?????????????##" ######""" | | ?????????????#"" ""##????#####""" | | ????????????##""" """##?????????##""" | | ????????????#""" % """##???????????#"""" | | ????????????#""" % ""#????????????#"" | | ????????????#"" = [@ ###?####???????""" | | ????????????#""" % a ## ####"?? | | ????????????#""t ! % a """" | | ????????????##" !% ! a a | | ?????????????#" "" % % | | ?????????????## | | ??????????????#" % "" | | ??????????????#"""" ## ##""" " " | | ??????????????#"" #??#?????""" | | ??????????????#" " " ####??????????"" | | ??????????????#""" % """##??????????????? | | ??????????????## ""##???????????????? | | ???????????????#"" """##????????????????? | | ???????????????##""" ##?????????????????? | | ????????????????##"" " c ##??????????????????? | | ?????????????????### #???????????????????? | | ???????????????????##### ##???????????????????? | | ???????????????????????## #????????????????????? | | ????????????????????????# #????????????????????? | | ????????????????????????# #????????????????????? | | ????????????????????????# #????????????????????? | | ????????????????????????# #????????????????????? | | ????????????????????????# #????????????????????? | | ????????????????????????# #????????????????????? | | ????????????????????????# #????????????????????? | +----------------------------------------------------+ Best States ------------- Heat Dissipation 42 Energy Generation 12 Energy Capacity 265 Matter Stores 300 Matter Capacity 300 Sight Range 16 Robot Scan Range 14 Terrain Scan Range 16 Terrain Scan Density 10 Armor Coverage 150 Evasion (%) 44 Recoil Reduction 3 Item Schematics ----------------- None Robot Schematics ------------------ None Fabricated ------------ Nothing Alien Tech Used ----------------- None Achievements -------------- None Challenges ------------ None Game ------ Seed TripodVisualSword Manual? 0 Play Time 00:40:21 Cumulative 99.5 hours Start 2024.06.28 @ 14:09:57 End 2024.06.28 @ 14:51:11 Sessions 1 Manual Loads 0 Difficulty Rogue Special Mode None Game No. 54 Rogue 54 Adventurer 0 Explorer 0 Win Type - Total 1 Types 1/0/0/0/0/0/0/0/0 Lore% 52 Gallery% 57 Achievement% 44 Wizard Run 0 Options --------- Layout 0 ASCII 0 Keyboard 0 Movement Mouse Keybinds 0 Fullscreen 2 Font 18/SmallcapsGlow Map View 76x50 Zoom Use 0% Tactical HUD 1 Map Filters NONE Filters NONE Steam 1 RUN: b81ab262-856b-406c-b2de-06144f2c77ac